AoeStats
← 帅气的俊哥

African Clearing

510739529Analyzed
4v4 RM · 18h ago on Oct 2, 2026· 29m 18s· 8 players
Game mode
Random Map
Map size
Large (8 player)
Population
200
Speed
Normal
Resources
Standard
Victory
Conquest
Starting age
Dark Age
Ending age
Imperial Age
RankedLock teamsTeams togetherTeam positionsShared explorationLock speedFull tech treeHidden civsTurbo modeCheats
Victory
Defeat
1802
+8
🇨🇳 Wu · China
1677
+12
🇨🇳 Malians · China
1517
+19
🇨🇳 Spanish · China
1500
+20
🇪🇸 Goths · Spain
1651
-17
🇨🇳 Mongols · China
1623
-16
🇹🇷 Turks · Türkiye
1620
-16
🇨🇿 Huns · Czechia
1485
-10
AutoClickerv3
2:51 Loom
13:26 Feudal Age
13:40 Man-at-Arms
20:13 Horse Collar
20:42 Fletching
25:13 Padded Archer Armor
PIKACHU
3:11 Loom
12:21 Feudal Age
13:35 Double-Bit Axe
14:30 Horse Collar
18:19 Forging
19:18 Scale Barding Armor
21:54 Bloodlines
27:31 Castle Age
26:37 Fletching
帅气的俊哥
14:26 Feudal Age
18:14 Castle Age
17:32 Double-Bit Axe
17:34 Horse Collar
18:40 Loom
19:41 Bow Saw
21:17 Heavy Plow
25:40 Stone Mining
27:31 Fletching
27:41 Padded Archer Armor
Joseph90
2:58 Loom
12:03 Feudal Age
12:59 Double-Bit Axe
18:53 Scale Barding Armor
19:22 Bloodlines
24:15 Castle Age
24:13 Forging
24:57 Light Cavalry
26:03 Chain Barding Armor
自有大儒为我辩经
12:39 Feudal Age
12:42 Loom
16:24 Castle Age
17:42 Fletching
27:33 Ballistics
儒门大吊-日食
11:54 Feudal Age
12:31 Double-Bit Axe
15:47 Loom
20:09 Horse Collar
23:20 Wheelbarrow
23:05 Fishing Lines
26:14 Scale Mail Armor
27:08 Gold Mining
27:38 Forging
30:07 Castle Age
丙酮酸嗦话梅
8:37 Loom
9:06 Loom
11:23 Feudal Age
11:54 Double-Bit Axe
13:09 Town Watch
15:02 Fletching
16:09 Scale Mail Armor
23:31 Castle Age
22:37 Bloodlines
23:07 Padded Archer Armor
23:20 Scale Barding Armor
24:18 Forging
24:26 Bodkin Arrow
24:11 Crossbowman
29:40 Husbandry
30:12 Chain Barding Armor
微变等效电路法
4:14 Loom
16:37 Feudal Age
26:25 Castle Age
26:21 Double-Bit Axe
28:36 Wheelbarrow
Connection lost

Rejoining the realm…

Still unreachable

The connection could not be restored.

Session expired

The server has moved on; the page needs a fresh start.